 Dungeon Crawl Stone Soup version 0.30.1-11-g7821555f0a (webtiles) character file.

Game seed: 307531832205761078

1179 Ultimateday the Magician (level 8, 0/46 HPs)
             Began as a Deep Elf Fire Elementalist on Dec 1, 2023.
             Slain by an orc wizard
             ... wielding a +0 dagger
              (1 damage)
             ... on level 6 of the Dungeon.
             The game lasted 00:10:57 (5658 turns).

Ultimateday the Magician (DEFE)                     Turns: 5658, Time: 00:10:58

Health: 0/46       AC:  3    Str:  5    XL:     8   Next: 18%
Magic:  7/19       EV: 12    Int: 23    God:
Gold:   549        SH:  5    Dex: 15    Spells: 13/20 levels left

rFire   . . .        a - +2 short sword (venom)
rCold   . . .        (no shield)
rNeg    . . .        c - +0 robe
rPois   +            (no helmet)
rElec   .            (no cloak)
rCorr   .            (no gloves)
SInv    .            o - +0 pair of boots
Will    .....        r - amulet of reflection
Stlth   ++           f - ring of poison resistance
HPRegen 0.27/turn    u - +4 ring of slaying
MPRegen 0.16/turn

%: reflection
@: no status effects
A: no striking features
a: no special abilities


You were on level 6 of the Dungeon.
You visited 2 branches of the dungeon, and saw 7 of its levels.

You collected 661 gold pieces.
You spent 112 gold pieces at shops.

Inventory:

Hand Weapons
 a - a +2 short sword of venom (weapon)
Armour
 c - a +0 robe (worn)
 o - a +0 pair of boots (worn)
Magical Staves
 b - a staff of conjuration
Jewellery
 f - a ring of poison resistance (left hand)
 r - an amulet of reflection (around neck)
 u - a +4 ring of slaying (right hand)
Wands
 l - a wand of flame (17)
 m - a wand of digging (4)
Scrolls
 d - a scroll of magic mapping
 e - a scroll of enchant weapon
 h - a scroll of fear {unknown}
 i - a scroll of identify
 j - a scroll of blinking
 q - a scroll of poison {unknown}
 s - a scroll of enchant armour {unknown}
 t - a scroll of fog {unknown}
Potions
 g - 2 potions of curing
 k - 3 potions of might
 n - a potion of ambrosia
 p - 2 potions of heal wounds
 v - a potion of flight {unknown}
 w - a potion of lignification {unknown}


   Skills:
 + Level 3.4 Fighting
 - Level 0.8 Short Blades
 - Level 2.4 Dodging
 - Level 2.4 Stealth
 + Level 6.6 Spellcasting
 * Level 6.2 Conjurations
 + Level 5.9 Fire Magic


You had 13 spell levels left.
You knew the following spells:

 Your Spells              Type           Power      Damage    Failure   Level
a - Foxfire               Conj/Fire      100%       2x1d9     1%          1
b - Scorch                Fire           70%        2d7       1%          2
c - Flame Wave            Conj/Fire      35%        2d10      6%          4

Your spell library contained the following spells:

 Spells                   Type           Power      Damage    Failure   Level
 Momentum Strike          Conj/Tloc      44%        3d9       3%          2
 Inner Flame              Hex/Fire       21%        N/A       7%          3
 Volatile Blastmotes      Fire/Tloc      42%        2d13      7%          3
 Blink                    Tloc           14%        N/A       12%         2
 Lesser Beckoning         Tloc           14%        N/A       12%         2


Dungeon Overview and Level Annotations

Branches:
Dungeon (6/15)             Temple (1/1) D:5

Altars:
Cheibriados
Dithmenos
Elyvilon
Fedhas
Gozag
Kikubaaqudgha
Makhleb
Qazlal
Ru
Sif Muna
Trog
Wu Jian
Xom
Yredelemnul
Zin

Shops:
D:4 [


Message History

The foxfire hits the gnoll!
You kill the gnoll!
An orc wizard and an orc come into view.
A gnoll comes into view. It is wielding a +0 club.
A gnoll comes into view. It is wielding a +0 flail.
An orc priest comes into view. It is wielding a +0 short sword.
You closely miss the orc wizard.
The orc shouts!
The gnoll shouts!
You puncture the orc wizard!
The orc wizard is poisoned.
The orc wizard is heavily wounded.
The orc wizard hits you with a +0 dagger.
You barely miss the orc wizard.
The orc wizard is heavily wounded.
The orc priest calls down the wrath of Beogh upon you.
Beogh smites you!
* * * LOW HITPOINT WARNING * * *
The orc wizard mumbles some strange words.
The orc wizard flickers and vanishes!
Deactivating autopickup; reactivate with Ctrl-A.
Unknown command.
Unknown command.
Unknown command.
You barely miss something. The gnoll closely misses you.
The gnoll sergeant barely misses you. Something hits you.
* * * LOW HITPOINT WARNING * * *
Unknown command.
Unknown command.
Unknown command.
You miss something. You block the gnoll's attack.
The gnoll sergeant hits you from afar with a +0 spear.
* * * LOW HITPOINT WARNING * * *
Something hits you but does no damage.
The orc wizard gestures wildly while chanting.
The orc wizard flickers and vanishes!
A jelly comes into view.
Unknown command.
Unknown command.
You closely miss something. The gnoll sergeant closely misses you.
Something hits you.
You die...

#.### #.#..
#.#.# #.#.#
####.#.#######
#...>........
#.##...#[#.###
#.##..{.......
##.##..@og###.#
#..#...g.o...).
#..#gg###.###..
#.##..# <..
#.....# ...J
####.## .#.#
#)# .#.# #g#
##.#.#
#o##...g..


You could see a gnoll sergeant, a jelly (wandering), an orc priest, 3 gnolls and
an orc.

Vanquished Creatures
  An ice beast (D:5)
  3 black bears (D:5)
  2 ogres (D:5)
  A gnoll sergeant (D:6)
  2 scorpions (D:5)
  An orc priest (D:3)
  2 jellies (D:5)
  A hound (D:5)
  2 iguanas
  An orc wizard (D:4)
  7 gnolls
  9 adders
  A white imp (D:3)
  An ufetubus (D:5)
  2 worms (D:5)
  21 orcs
  6 ball pythons
  4 bats
  3 endoplasms
  4 giant cockroaches
  3 goblins
  10 hobgoblins
  11 kobolds
  A quokka (D:4)
  4 frilled lizards
  7 rats
110 creatures vanquished.

Vanquished Creatures (collateral kills)
  A foxfire (D:3)
1 creature vanquished.

Vanquished Creatures (others)
  192 foxfires
192 creatures vanquished.

Grand Total: 303 creatures vanquished

Notes
Turn   | Place    | Note
-------+----------+-------------------------------------------
     0 | D:1      | Ultimateday the Deep Elf Fire Elementalist began the quest
                  | for the Orb.
     0 | D:1      | Reached XP level 1. HP: 10/10 MP: 6/6
   441 | D:1      | Reached XP level 2. HP: 15/15 MP: 8/8
   444 | D:1      | Learned a level 2 spell: Scorch
   827 | D:1      | Found a faded altar of an unknown god.
  1007 | D:1      | Reached skill level 1 in Fighting
  1480 | D:2      | Found a snail-covered altar of Cheibriados.
  1627 | D:2      | Reached XP level 3. HP: 20/20 MP: 10/10
  2187 | D:3      | Reached XP level 4. HP: 13/25 MP: 7/12
  2952 | D:3      | Learned a level 4 spell: Flame Wave
  3042 | D:4      | Found Geanit Qaom's Antique Armour Shop.
  3050 | D:4      | Bought a pair of boots for 112 gold pieces
  3193 | D:4      | Reached XP level 5. HP: 29/29 MP: 9/13
  3483 | D:4      | HP: 1/30 [iguana (1)]
  4035 | D:4      | Found a shimmering altar of Xom.
  4104 | D:5      | Entered Level 5 of the Dungeon
  4192 | D:5      | Reached XP level 6. HP: 35/35 MP: 11/15
  4246 | D:5      | Reached skill level 5 in Spellcasting
  4288 | D:5      | Found an ancient bone altar of Kikubaaqudgha.
  4544 | D:5      | Reached skill level 5 in Fire Magic
  4544 | D:5      | Reached XP level 7. HP: 40/40 MP: 12/17
  4954 | D:5      | Reached skill level 5 in Conjurations
  5128 | D:5      | Reached XP level 8. HP: 18/46 MP: 9/19
  5421 | D:5      | Found a staircase to the Ecumenical Temple.
  5571 | Temple   | Entered the Ecumenical Temple
  5657 | D:6      | HP: 1/46 [gnoll sergeant/+0 spear (3)]
  5658 | D:6      | Slain by an orc wizard

Illustrated notes

Levels and vault maps discovered:
D:1:      eino_arrival_water_star, layout_loops_corners,
          ebering_ecumenical_altar_abandoned, dreamdust_princess_corridor
D:2:      layout_basic, basic_altar
D:3:      minmay_evil_eye, layout_rooms, serial_bayou, serial_bayou_pond_c,
          serial_bayou_pond_e, serial_bayou_lagoon_a, serial_bayou_ford_a
D:4:      layout_basic, overflow_temple_1_default, serial_shops, shop
D:5:      minmay_polygon_palace, layout_cave_pools, mainiacjoe_overflow_paths,
          temple_green
D:6:      layout_basic, mainiacjoe_overflow_small_starburst,
          mainiacjoe_overflow_alcove_1, gammafunk_ghost_smash, minivault_4
Temple:   nicolae_temple_no_exploring_needed

Skill      XL: |  1  2  3  4  5  6  7  8 |
---------------+-------------------------+-----
Fighting       | 1 2 3 |  3.4
Spellcasting   | 4 5 6 |  6.6
Fire Magic     | 4 5 |  5.9
Conjurations   | 2 3 4 5 6 |  6.2
Short Blades   | |  0.8
Dodging        | |  2.4
Stealth        | |  2.4

Action                     |  1- 3 |  4- 6 |  7- 9 || total
---------------------------+-------+-------+-------++-------
  Melee: Short sword       |    21 |    14 |    17 ||    52
         Punch             |     1 |       |       ||     1
   Cast: Foxfire           |    25 |    68 |    38 ||   131
         Scorch            |    17 |    14 |     4 ||    35
         Flame Wave        |       |     1 |     4 ||     5
    Use: Potion            |     1 |     1 |       ||     2
         Scroll            |       |     6 |     1 ||     7
   Stab: Sleeping          |     2 |       |       ||     2
 Armour: Robe              |     3 |     1 |     5 ||     9
  Dodge: Dodged            |    15 |    14 |    28 ||    57
  Block: Other             |       |       |    11 ||    11
